 Dungeon Crawl Stone Soup version 0.16-b1 (webtiles) character file.

19442 McCoppin the Basher (level 12, -1/100 HPs)
             Began as a Mummy Fighter on Mar 11, 2015.
             Was an Initiate of Gozag.
             Slain by a minotaur
             ... wielding a +4 iron rod (2/12)
              (10 damage)
             ... in a labyrinth on Mar 12, 2015.
             The game lasted 01:35:37 (20347 turns).

McCoppin the Basher (Mummy Fighter)                Turns: 20347, Time: 01:35:47

Health: -1/100     AC: 21    Str: 23    XL:     12   Next: 36%
Magic:  12/12      EV:  5    Int:  7    God:    Gozag
Gold:   185        SH: 11    Dex: 11    Spells: 0 memorised, 11 levels left

rFire  + . .     SeeInvis +     a - +0 whip (elec)
rCold  . . .     Clarity  .     H - +0 plate armour {rF+}
rNeg   + + +     SustAb   .     c - +0 shield
rPois  ∞         Gourm    .     O - +1 hat {SInv}
rElec  .         Spirit   .     v - +2 cloak
rCorr  .         Warding  .     L - +0 pair of gloves (curse)
rMut   .         Stasis   .     s - +1 pair of boots
MR     +....                    F - amulet of faith
Stlth  ..........               A - ring of stealth
                                g - ring of fire

@: somewhat resistant to hostile enchantments, extremely unstealthy
A: no food or potions, fire vulnerability, restore body, cold resistance 1,
negative energy resistance 3, poison resistance, torment resistance, unbreathing
a: Potion Petition, Call Merchant, Bribe Branch, Renounce Religion


You were in a labyrinth.
You worshipped Gozag.
Gozag was noncommittal.
You were not hungry.

You visited 3 branches of the dungeon, and saw 14 of its levels.
You also visited: Labyrinth.

You collected 2842 gold pieces.
You paid 2657 gold pieces to Gozag.

Inventory:

Hand weapons
 a - a +0 whip of electrocution (weapon)
 b - a +0 blowgun
 j - a +1 flail of protection
 k - a +3 whip of distortion
 z - the +7 Singing Sword
   (You found it on level 6 of the Dungeon)
 J - a +2 whip of draining
Missiles
 u - 10 poisoned needles
Armour
 c - a +0 shield (worn)
 s - a +1 pair of boots (worn)
 v - a +2 cloak (worn)
 E - a +1 cloak
 H - a +0 plate armour of fire resistance (worn)
 L - a cursed +0 pair of gloves (worn)
 O - a +1 hat of see invisible (worn)
Jewellery
 g - a ring of fire (left hand)
 x - an uncursed ring of ice
 A - a ring of stealth (right hand)
 B - an uncursed amulet of resist mutation
 C - a +2 ring of evasion
 F - an amulet of faith (around neck)
 P - an uncursed ring of stealth
Magical devices
 e - a wand of enslavement (1)
 l - a wand of magic darts (33)
 q - a wand of slowing (20)
 t - a wand of cold (2)
 w - a wand of fireball (4)
 y - a wand of disintegration (16)
 I - a wand of cold (4)
 K - a wand of disintegration (5)
 N - a wand of fire (6)
 Q - a wand of lightning (4)
Scrolls
 f - 3 scrolls of enchant weapon
 h - 2 scrolls of amnesia
 i - a scroll of magic mapping
 m - a scroll of torment {unknown}
 n - 2 scrolls of remove curse
 o - 7 scrolls of recharging
 p - a scroll of vulnerability
 r - a scroll of enchant armour
 D - a scroll of teleportation
 G - a scroll of silence {unknown}
 M - 2 scrolls of immolation


   Skills:
 - Level 11.0 Fighting
 - Level 11.2 Maces & Flails
 * Level 7.5 Armour
 * Level 7.7 Shields


You had 11 spell levels left.
You didn't know any spells.

Dungeon Overview and Level Annotations

Branches:
Dungeon (10/15)            Temple (1/1) D:5            Lair (3/8) D:8
  Swamp: Lair:3-6    Shoals: Lair:3-6     Snake: Lair:3-6    Spider: Lair:3-6
    Orc: D:9-12

Altars:
Ashenzari
Cheibriados
Dithmenos
Elyvilon
Fedhas
Gozag
Kikubaaqudgha
Makhleb
Nemelex Xobeh
Okawaru
Qazlal
Ru
Sif Muna
Trog
Vehumet
Xom
Yredelemnul
Zin
The Shining One

Shops:
D:11 [   D:14 [   D:15 =

Annotations:
D:8 _Omexele sets up shop in the Dungeon
D:10 _Qoogur Aluha sets up shop in the Dungeon.
Lair:2 _Hyownunk sets up shop in the Dungeon.


Innate Abilities, Weirdness & Mutations

You do not eat or drink.
Your flesh is vulnerable to fire.
Your flesh is cold resistant.
You are immune to negative energy.
Your system is resistant to poisons.
You are immune to unholy pain and torment.
You can survive without breathing.


Message History

You hit the minotaur.
The minotaur is severely wounded.
You block the minotaur's attack. The minotaur gores you!
You closely miss the minotaur.
The minotaur furiously retaliates!
The minotaur headbutts you, but does no damage.
The minotaur is severely wounded.
You hit the minotaur but do no damage.
The minotaur is severely wounded.
The minotaur hits you with an iron rod!!
* * * LOW HITPOINT WARNING * * *
The minotaur gores you but does no damage.
You hit the minotaur but do no damage.
There is a sudden explosion of sparks!
The minotaur is almost dead.
You hit the minotaur.
The minotaur is almost dead.
The minotaur hits you with an iron rod.
* * * LOW HITPOINT WARNING * * *
The minotaur gores you!
You die...
Your body crumbles into a pile of gold.

▓▓▓ ▓ #..
#.## .#.#..
#
##.###.#.#
# .
........@#
#
##.#####H##
## #(#. # #
#.#. . . .#
.
#(........
. .###. ##
#### . #..
#. . . ..#
# ### # ##
## # #. .(.
.#


You could see a minotaur.

Vanquished Creatures
  Gastronok (Lair:1)
  4 hydras
  Fannar (D:10)
  A black mamba (Lair:2)
  A centaur zombie (D:10)
  A spiny frog (Lair:2)
  2 komodo dragons
  3 trolls
  A polar bear (Lair:3)
  A two-headed ogre (D:10)
  A basilisk (Lair:2)
  A spriggan (Lair:3)
  2 deep elf magi (D:10)
  13 yaks
  A wraith (D:10)
  Grum (D:10)
  6 wolves
  Edmund (D:7)
  Menkaure (D:5)
  3 wargs (D:8)
  5 hippogriffs
  3 hungry ghosts
  3 water moccasins
  2 necrophages
  A black bear (D:9)
  3 sky beasts
  2 porcupines
  A wasp (D:8)
  3 phantoms
  2 ogres
  5 orc warriors
  5 crocodiles
  6 centaurs
  3 big kobolds (D:8)
  Blork the orc (D:5)
  9 giant frogs
  A gnoll sergeant (D:8)
  A wyvern skeleton (D:7)
  3 scorpions (D:6)
  14 killer bees
  5 crimson imps
  4 goliath beetles
  9 wights
  3 giant frog zombies
  7 hounds
  A quasit (D:7)
  9 orc priests
  5 jellies
  Crazy Yiuf (D:3)
  6 iguanas
  A giant frog skeleton (D:8)
  Natasha (thrice) (D:5)
  5 worker ants
  13 orc wizards
  A killer bee zombie (D:6)
  Ijyb (D:6)
  9 sheep
  2 hound zombies
  Terence (D:2)
  A hound skeleton (D:8)
  14 adders
  14 gnolls
  3 river rats (Lair:3)
  2 worker ant zombies
  4 giant mites
  2 worms (D:5)
  An adder skeleton (D:8)
  5 giant geckos
  3 oozes
  32 orcs
  A bat zombie (D:7)
  5 giant cockroaches
  11 hobgoblins
  18 jackals
  A ball python (D:5)
  24 bats
  2 giant newts (D:1)
  13 goblins
  15 kobolds
  12 quokkas
  A quokka skeleton (D:4)
  16 rats
405 creatures vanquished.

Notes
Turn   | Place    | Note
--------------------------------------------------------------
     0 | D:1      | McCoppin, the Mummy Fighter, began the quest for the Orb.
     0 | D:1      | Reached XP level 1. HP: 18/18 MP: 1/1
     9 | D:1      | Found a shattered altar of Ashenzari.
   119 | D:1      | Reached XP level 2. HP: 20/24 MP: 2/2
   655 | D:2      | HP: 1/24 [gnoll/whip of electrocution (6)]
   656 | D:2      | Reached XP level 3. HP: 1/29 MP: 3/3
  1502 | D:2      | Noticed Terence
  1509 | D:2      | Killed Terence
  1509 | D:2      | Reached XP level 4. HP: 25/35 MP: 4/4
  1728 | D:2      | Found a stormy altar of Qazlal.
  1731 | D:2      | Noticed an air elemental
  1731 | D:2      | Noticed a fire elemental
  1732 | D:2      | Noticed a water elemental
  1732 | D:2      | Noticed an earth elemental
  2002 | D:2      | Found a burning altar of Makhleb.
  2025 | D:2      | Reached skill level 4 in Maces & Flails
  2069 | D:2      | Found a deep blue altar of Sif Muna.
  2251 | D:3      | Found a blossoming altar of Fedhas.
  2422 | D:3      | Reached XP level 5. HP: 37/41 MP: 5/5
  2909 | D:3      | Noticed Crazy Yiuf
  2915 | D:3      | Killed Crazy Yiuf
  2966 | D:4      | Found a sacrificial altar of Ru.
  3008 | D:4      | Reached skill level 5 in Maces & Flails
  3153 | D:4      | Found a blossoming altar of Fedhas.
  3173 | D:4      | Reached XP level 6. HP: 42/47 MP: 6/6
  3178 | D:4      | Got a fine ring mail
  3189 | D:4      | Identified the cursed -1 ring mail of Miggicia {rN+} (You found it on level 4 of the Dungeon)
  3225 | D:5      | Entered Level 5 of the Dungeon
  3237 | D:5      | Noticed Menkaure
  3246 | D:5      | Killed Menkaure
  3246 | D:5      | Reached skill level 6 in Maces & Flails
  3536 | D:5      | Reached XP level 7. HP: 52/52 MP: 7/7
  3639 | D:5      | Reached skill level 7 in Maces & Flails
  3698 | D:5      | Noticed Blork the orc
  3713 | D:5      | Killed Blork the orc
  3786 | D:5      | Noticed Natasha
  3791 | D:5      | Killed Natasha
  3795 | D:5      | Found a staircase to the Ecumenical Temple.
  3806 | Temple   | Entered the Ecumenical Temple
  4030 | Temple   | Became a worshipper of Gozag Ym Sagoz the Greedy
  4137 | D:5      | Noticed Natasha
  4143 | D:5      | Killed Natasha
  4307 | D:5      | Noticed Natasha
  4311 | D:5      | Killed Natasha
  4539 | D:6      | Noticed Ijyb
  4548 | D:6      | Killed Ijyb
  4572 | D:6      | Reached skill level 8 in Maces & Flails
  4572 | D:6      | Reached XP level 8. HP: 58/58 MP: 8/8
  5044 | D:6      | Reached skill level 9 in Maces & Flails
  5352 | D:6      | Found a glowing silver altar of Zin.
  5634 | D:7      | Reached skill level 10 in Maces & Flails
  5634 | D:7      | Reached XP level 9. HP: 44/63 MP: 9/9
  5839 | D:7      | Noticed Edmund
  5984 | D:7      | Killed Edmund
  6735 | D:8      | Reached skill level 11 in Maces & Flails
  6941 | D:8      | Found a staircase to the Lair.
  7071 | D:8      | Reached skill level 5 in Fighting
  7455 | D:8      | Reached XP level 10. HP: 44/77 MP: 10/10
  7672 | D:8      | Noticed a two-headed hydra
  7701 | D:8      | Killed a two-headed hydra
  8215 | Lair:1   | Entered Level 1 of the Lair of Beasts
 10883 | D:7      | Reached skill level 10 in Fighting
 11451 | D:9      | Found a glowing golden altar of the Shining One.
 11536 | D:9      | Found a sparkling altar of Nemelex Xobeh.
 11956 | D:9      | Found a snail-covered altar of Cheibriados.
 12221 | D:9      | Reached XP level 11. HP: 68/93 MP: 11/11
 12413 | D:10     | Entered Level 10 of the Dungeon
 12455 | D:10     | Noticed Grum
 12477 | D:10     | Killed Grum
 12973 | D:10     | Noticed Fannar
 13001 | D:10     | Killed Fannar
 13323 | D:10     | Reached skill level 5 in Armour
 13346 | D:10     | Reached skill level 5 in Shields
 15766 | Lair:1   | Noticed a six-headed hydra
 15791 | Lair:1   | Killed a six-headed hydra
 16134 | Lair:1   | Noticed Gastronok
 16157 | Lair:1   | Killed Gastronok
 16157 | Lair:1   | Reached XP level 12. HP: 93/100 MP: 12/12
 16318 | Lair:2   | Noticed a five-headed hydra
 16844 | Lair:2   | Killed a five-headed hydra
 17300 | Lair:2   | Noticed a four-headed hydra
 17312 | Lair:2   | Killed a four-headed hydra
 17981 | Lair:3   | Found a labyrinth entrance.
 18006 | Lab      | Entered a labyrinth
 18075 | Lab      | Noticed a minotaur
 20347 | Lab      | Slain by a minotaur

Action                   |  1- 3 |  4- 6 |  7- 9 | 10-12 || total
-------------------------+-------+-------+-------+-------++-------
Melee: Flail             |   108 |       |       |       ||   108
       Whip              |     6 |   234 |   773 |  1211 ||  2224
 Fire: Blowgun           |       |       |     2 |    23 ||    25
Invok: Potion Petition   |       |       |     1 |     4 ||     5
       Call Merchant     |       |       |     1 |     2 ||     3
Evoke: Wand              |       |       |       |     4 ||     4
  Use: Scroll            |       |    10 |     3 |    10 ||    23
 Stab: Distracted        |       |       |       |     1 ||     1
